 Dungeon Crawl Stone Soup version 0.26-a0-651-gb41185065b (webtiles) character file.

Game seed: 2219093822535979957

811 Gottschkopf the Ruffian (level 7, -3/52 HPs)
             Began as a Green Draconian Transmuter on Sept 29, 2020.
             Was a Follower of Ru.
             Slain by a sky beast (6 damage)
             ... on level 5 of the Dungeon.
             The game lasted 00:12:06 (5768 turns).

Gottschkopf the Ruffian (DrTm)                      Turns: 5768, Time: 00:12:07

Health: -3/52      AC:  6    Str: 12    XL:     7   Next: 61%
Magic:  10/10      EV: 12    Int: 16    God:    Ru [*.....]
Gold:   101        SH:  0    Dex: 11    Spells: 4/10 levels left

rFire    + . .     SeeInvis .     - Unarmed
rCold    . . .     Faith    .   (no shield)
rNeg     . . .     Spirit   .   (armour unavailable)
rPois    +         Reflect  .   (helmet currently unavailable)
rElec    .         Harm     .   (no cloak)
rCorr    .         Rampage  .   (no gloves)
MR       .....     Clarity  +   (boots currently unavailable)
Stlth    +.........             (no amulet)
HPRegen  0.17/turn              (no ring)
MPRegen  0.12/turn              a - ring of protection from fire

@: appendages (expiring)
A: breathe noxious fumes, unfitting armour, horns 2, talons 2, blink, clarity,
poison resistance, cold-blooded, magic vulnerability 1, AC +6
a: Breathe Noxious Fumes, End Transformation, Blink, Renounce Religion


You were on level 5 of the Dungeon.
You worshipped Ru.
Ru was aware of your devotion.
You had grown temporary horns.
You had grown temporary talons.
You visited 1 branch of the dungeon, and saw 5 of its levels.

You collected 316 gold pieces.
You spent 215 gold pieces at shops.

Inventory:

Jewellery
 a - a ring of protection from fire (right hand)
 q - an uncursed ring of poison resistance
Wands
 p - a wand of enslavement (9)
 r - a wand of polymorph (7)
 t - a wand of flame (16)
Scrolls
 b - 7 scrolls of teleportation
 c - 2 scrolls of blinking
 d - a scroll of fear {unknown}
 e - a scroll of magic mapping {unknown}
 h - 2 scrolls of identify
 i - 2 scrolls of noise
 l - a scroll of enchant armour {unknown}
 m - a scroll of random uselessness {unknown}
 n - 4 scrolls of remove curse
 s - 2 scrolls of amnesia {unknown}
Potions
 f - a potion of heal wounds
 g - 2 potions of brilliance
 j - a potion of stabbing
 k - 2 potions of cancellation
 o - 4 potions of ambrosia
 u - a potion of berserk rage


   Skills:
 - Level 1.1 Fighting
 - Level 1.7 Dodging
 + Level 7.7 Unarmed Combat
 - Level 2.0 Spellcasting
 - Level 4.6 Transmutations
 - Level 2.4 Poison Magic


You had 4 spell levels left.
You knew the following spells:

 Your Spells              Type           Power        Failure   Level
a - Beastly Appendage     Tmut           ###...       3%          1
b - Spider Form           Tmut/Pois      ##........   14%         3
c - Wereblood             Tmut           ###.....     4%          2

Your spell library contained the following spells:

 Spells                   Type           Power        Failure   Level
 Ice Form                 Ice/Tmut       #.......     61%         4
 Blade Hands              Tmut           ###.......   63%         5


Dungeon Overview and Level Annotations

Branches:
Dungeon (5/15)             Temple (0/1) D:5

Altars:
Ru
Uskayaw
Yredelemnul

Shops:
D:4 *[*:   D:5 ?


Innate Abilities, Weirdness & Mutations

You can breathe blasts of noxious fumes.
Your lurid green scales are hard. (AC +6)
You cannot fit into any form of body armour.
Your system is resistant to poisons. (rPois)
You are cold-blooded and may be slowed by cold attacks.
You are slightly vulnerable to magic. (MR-)
You have a pair of horns on your head.
You have razor-sharp toenails.
You can translocate small distances at will.
You possess an exceptional clarity of mind.


Message History

The sky beast is severely wounded.
The sky beast hits you. The sky beast shocks you.
* * * LOW HITPOINT WARNING * * *
You hit the sky beast.
You claw the sky beast, but do no damage.
The sky beast is almost dead.
The sky beast hits you.
* * * LOW HITPOINT WARNING * * *
The sky beast shocks you.
* * * LOW HITPOINT WARNING * * *
You barely miss the sky beast.
You claw the sky beast, but do no damage.
The sky beast is almost dead.
The sky beast hits you but does no damage.
You barely miss the sky beast.
The sky beast is almost dead.
The sky beast hits you.
* * * LOW HITPOINT WARNING * * *
The sky beast shocks you.
You die...

#8.# ######.#####
#..# ............#
#..#
.##.###.###.########
#..#
##.###.###.........
#..# ###
#.........#########
#.8#
##......###.##.#
..#.##.# #.##.#
..#.##.# #Y##O# ##
#.#.##.# #@##.. ..
#... #.# #.##..
#.###.####.###.##...
#.......(......###..
####.###.#.##### #.#
#.#.# #.# #.#.. #.#
#.###. #.# #.# .#


You could see a sky beast.

Vanquished Creatures
  A water moccasin (D:5)
  A phantom (D:4)
  An ogre (D:5)
  A howler monkey (D:5)
  A bullfrog zombie (D:5)
  A jelly (D:4)
  An orc priest (D:3)
  A bullfrog skeleton (D:4)
  A hound (D:2)
  An iguana (D:4)
  Ijyb (D:3)
  An orc wizard (D:3)
  2 worker ants (D:4)
  3 gnolls (D:3)
  10 adders
  2 white imps
  3 oozes
  4 worms
  A dart slug (D:2)
  A leopard gecko (D:1)
  3 orcs
  5 giant cockroaches
  2 goblins
  6 hobgoblins
  4 jackals (D:3)
  2 quokkas
  5 bats
  4 frilled lizards
  A jackal skeleton (D:5)
  6 kobolds
  A quokka skeleton (D:4)
  3 rats
80 creatures vanquished.

Notes
Turn   | Place    | Note
-------+----------+-------------------------------------------
     0 | D:1      | Gottschkopf the Draconian Transmuter began the quest for
                  | the Orb.
     0 | D:1      | Reached XP level 1. HP: 16/16 MP: 3/3
   215 | D:1      | Reached XP level 2. HP: 16/23 MP: 3/5
   667 | D:1      | Reached skill level 4 in Unarmed Combat
   857 | D:2      | Reached XP level 3. HP: 10/28 MP: 3/6
   864 | D:2      | Learned a level 3 spell: Spider Form
   867 | D:2      | Learned a level 2 spell: Wereblood
  1220 | D:2      | Found a sacrificial altar of Ru.
  1229 | D:2      | Became a worshipper of Ru the Awakened
  1401 | D:2      | Reached XP level 4. HP: 31/35 MP: 5/7
  1763 | D:2      | Found a hide-covered altar of Uskayaw.
  2115 | D:3      | Reached skill level 1 in Poison Magic
  2130 | D:3      | You fall into a shaft and drop 2 floors!
  2130 | D:5      | Entered Level 5 of the Dungeon
  2223 | D:5      | Noticed a water moccasin
  2241 | D:5      | Killed a water moccasin
  2241 | D:5      | Reached XP level 5. HP: 7/40 MP: 8/8
  2597 | D:5      | Noticed an ogre
  2629 | D:5      | Found a staircase to the Ecumenical Temple.
  2722 | D:4      | Gained mutation: You are slightly vulnerable to magic.
                  | (MR-) [Ru sacrifice]
  2722 | D:4      | Reached * piety under Ru
  2806 | D:4      | Reached XP level 6. HP: 32/47 MP: 9/9
  3164 | D:3      | Reached skill level 5 in Unarmed Combat
  3577 | D:3      | Noticed Ijyb
  3585 | D:3      | Killed Ijyb
  4302 | D:4      | Reached skill level 6 in Unarmed Combat
  4586 | D:4      | Found Xeis's Assorted Antiques.
  4594 | D:4      | Your scales start taking on a lurid green colour.
  4594 | D:4      | Reached XP level 7. HP: 46/52 MP: 8/10
  4594 | D:4      | Gained mutation: Your system is resistant to poisons.
                  | (rPois) [Green Draconian growth]
  4821 | D:4      | Found a basalt altar of Yredelemnul.
  4854 | D:4      | Reached skill level 7 in Unarmed Combat
  4927 | D:4      | Found Usewkife's Book Boutique.
  4963 | D:4      | Found Manolec's Armour Shoppe.
  5084 | D:4      | Found Qoegem's General Store.
  5095 | D:4      | Bought a potion of degeneration for 14 gold pieces
  5261 | D:4      | Gained mutation: You can translocate small distances at
                  | will. [potion of mutation]
  5261 | D:4      | Gained mutation: You possess an exceptional clarity of
                  | mind. [potion of mutation]
  5471 | D:5      | Found Biur's Magic Scroll Shoppe.
  5480 | D:5      | Bought a scroll of remove curse for 39 gold pieces
  5480 | D:5      | Bought a scroll of teleportation for 39 gold pieces
  5480 | D:5      | Bought a scroll of identify for 26 gold pieces
  5480 | D:5      | Bought a scroll of blinking for 97 gold pieces
  5768 | D:5      | Slain by a sky beast

Illustrated notes

Levels and vault maps discovered:
D:1:      eino_arrival_druids_welcome, layout_loops_ring
D:2:      layout_loops_ring, lemuel_crystal_altar, minmay_misc_feat_doors,
          hangedman_ru_absence
D:3:      layout_loops_ring, lemuel_flame_loot_1, uniq_ijyb
D:4:      layout_basic, kennysheep_mini_moat, serial_shops, shop,
          nicolae_shop_window_shopping, shop, nicolae_shop_waterfront
D:5:      layout_loops_ring, minmay_temple_entry_wispy, serial_shops, shop,
          chequers_decorated_corner

Skill      XL: |  1  2  3  4  5  6  7 |
---------------+----------------------+-----
Unarmed Combat | 4 6 7 |  7.7
Poison Magic   | 2 |  2.4
Transmutations | 4 |  4.6
Fighting       | |  1.1
Dodging        | |  1.7
Spellcasting   | |  2.0

Action                   |  1- 3 |  4- 6 |  7- 9 || total
-------------------------+-------+-------+-------++-------
Melee: Unarmed           |    67 |   162 |    62 ||   291
       Headbutt          |     7 |    20 |     8 ||    35
       Kick              |     6 |    32 |     9 ||    47
       Tailslap          |     5 |    10 |     3 ||    18
 Cast: Beastly Appendage |    17 |    29 |     8 ||    54
       Spider Form       |       |     5 |     1 ||     6
       Wereblood         |       |       |     1 ||     1
Invok: Sacrifice Essence |       |     1 |       ||     1
  Use: Potion            |       |     1 |     1 ||     2
       Scroll            |       |       |     8 ||     8
 Stab: Distracted        |       |     1 |       ||     1
Armor: Skin              |    27 |    39 |    12 ||    78
Dodge: Dodged            |    64 |    97 |    27 ||   188

Table legend: (Time is in decaauts)
 A = Elapsed time spent in this place.
 B = Non-inter-level travel time spent in this place.
 C = Inter-level travel time spent in this place.
 D = Time resting spent in this place.
 E = Time spent auto-exploring this place.
 F = Levels seen in this place.
 G = Mean time per level.
                   A        B        C        D        E       F      G
               +--------+--------+--------+--------+--------+-----+--------+
         Total |   5719 |   5641 |     78 |    727 |   4142 |   5 | 1143.8 |
       Dungeon |   5719 |   5641 |     78 |    727 |   4142 |   5 | 1143.8 |
               +--------+--------+--------+--------+--------+-----+--------+

Top non-repeatable levels by time:
     D:3: 1568 daAuts
     D:4: 1230 daAuts
     D:2: 1074 daAuts
     D:5: 1007 daAuts
     D:1: 839 daAuts
